AoeStats
← Lord_Wilfredo

Nomad

509489462Analyzed
3v3 RM · 4d ago on Sep 26, 2026· 45m 5s· 6 players
Game mode
Random Map
Map size
210×210
Population
200
Speed
Normal
Resources
Standard
Victory
Conquest
Starting age
Dark Age
Ending age
Imperial Age
RankedLock teamsTeams togetherTeam positionsShared explorationLock speedFull tech treeHidden civsTurbo modeCheats
Victory
Defeat
🇦🇷 Huns · Argentina
1296
+19
🇮🇳 Dravidians · India
1294
+19
🇦🇷 Vikings · Argentina
1277
+20
🇦🇷 Spanish · Argentina
1401
-21
🇦🇷 Maya · Argentina
1387
-20
🇨🇭 Chinese · Switzerland
1294
-17
TEN PIEDAD
6:55 Loom
12:20 Feudal Age
12:49 Double-Bit Axe
15:56 Fletching
28:00 Castle Age
26:16 Gold Mining
26:18 Horse Collar
27:07 Padded Archer Armor
28:37 Bodkin Arrow
28:19 Crossbowman
30:14 Wheelbarrow
32:15 Ballistics
32:48 Thumb Ring
43:40 Imperial Age
41:00 Town Watch
41:20 Scale Mail Armor
43:05 Chain Mail Armor
43:00 Forging
42:14 Eagle Warrior
42:56 Squires
43:09 Pikeman
45:09 Conscription
Lord_Wilfredo
4:54 Loom
12:42 Feudal Age
13:19 Town Watch
18:31 Castle Age
19:17 Double-Bit Axe
25:10 Scale Barding Armor
27:32 Chain Barding Armor
29:14 Horse Collar
36:51 Wheelbarrow
36:21 Fishing Lines
37:00 Bow Saw
40:12 Fletching
40:39 Gillnets
46:34 Imperial Age
45:33 Hand Cart
45:49 Hand Cart
Tenohmox
3:11 Loom
12:43 Feudal Age
18:33 Castle Age
19:23 Horse Collar
22:44 Town Watch
22:57 Fletching
25:14 Fletching
28:51 Imperial Age
29:35 Double-Bit Axe
30:52 Medium Warships
31:18 Bow Saw
32:19 Heavy Warships
31:58 Bodkin Arrow
36:43 Ballistics
42:07 Chemistry
JessePinkman
4:50 Loom
14:17 Feudal Age
15:18 Fishing Lines
18:07 Castle Age
16:53 Double-Bit Axe
20:11 Bow Saw
24:43 Imperial Age
23:06 Gold Mining
29:03 Horse Collar
31:29 Heavy Plow
31:44 Town Watch
33:54 Scale Barding Armor
34:03 Bloodlines
34:02 Cavalier
34:43 Husbandry
35:33 Husbandry
35:54 Chain Barding Armor
35:45 Forging
36:12 Gold Shaft Mining
35:27 Stone Mining
37:09 Conscription
38:56 Chemistry
39:34 Plate Barding Armor
40:21 Iron Casting
41:01 Paladin
41:40 Capped Ram
45:07 Blast Furnace
44:00 Stone Mining
VedtheAssasin
11:07 Loom
13:42 Feudal Age
18:34 Castle Age
20:18 Fletching
24:04 Horse Collar
26:19 Padded Archer Armor
27:55 Bodkin Arrow
33:02 Leather Archer Armor
46:00 Ballistics
WalterWhite
8:06 Loom
12:27 Feudal Age
18:01 Castle Age
16:15 Fletching
19:03 Double-Bit Axe
19:10 Gold Mining
19:40 Bodkin Arrow
19:49 Crossbowman
21:02 Padded Archer Armor
22:58 Leather Archer Armor
25:24 Bow Saw
25:30 Horse Collar
26:25 Gold Shaft Mining
34:47 Imperial Age
32:04 Town Watch
32:41 Ballistics
34:03 Heavy Plow
34:38 Gold Shaft Mining
35:55 Bracer
35:20 Elite Skirmisher
37:06 Chemistry
37:04 Ring Archer Armor
37:21 Capped Ram
38:17 Siege Ram
41:08 Elite Berserk
42:09 Conscription
41:50 Scale Mail Armor
42:00 Forging
43:35 Chain Mail Armor
44:53 Plate Mail Armor
44:59 Iron Casting
Connection lost

Rejoining the realm…

Still unreachable

The connection could not be restored.

Session expired

The server has moved on; the page needs a fresh start.